 Dungeon Crawl Stone Soup version 0.22-a0-558-gc224181 (webtiles) character file.

10834 inc the Basher (level 11, -1/178 HPs)
             Began as an Ogre Arcane Marksman on June 27, 2018.
             Was an Elder of Okawaru.
             Slain by an orc warrior
             ... wielding a cursed -3 long sword
              (12 damage)
             ... on level 10 of the Dungeon.
             The game lasted 00:35:46 (18832 turns).

inc the Basher (Ogre Arcane Marksman)              Turns: 18832, Time: 00:35:47

Health: -1/178     AC:  5    Str: 21    XL:     11   Next: 68%
Magic:  13/13      EV: 10    Int: 17    God:    Okawaru [****..]
Gold:   676        SH:  0    Dex:  9    Spells: 6/12 levels left

rFire    . . .     SeeInvis .   E - +0 giant spiked club (vamp)
rCold    + . .     Gourm    .   (shield currently unavailable)
rNeg     . . .     Faith    .   M - +2 robe {rC+}
rPois    .         Spirit   .   (helmet restricted)
rElec    .         Reflect  .   (no cloak)
rCorr    .         Harm     .   (gloves unavailable)
MR       +....                  (boots unavailable)
Stlth    ..........             (no amulet)
HPRegen  0.39/turn              (no ring)
MPRegen  0.13/turn              (no ring)

@: berserking, very quick
A: large, unfitting armour, tough skin 1
a: Heroism, Renounce Religion


You were on level 10 of the Dungeon.
You worshipped Okawaru.
Okawaru was greatly pleased with you.
You were not hungry.

You visited 2 branches of the dungeon, and saw 12 of its levels.

You collected 676 gold pieces.

Inventory:

Hand Weapons
 a - a +0 giant club
 b - a +0 blowgun
 e - a +0 club
 t - a +0 dagger
 A - a +0 flail
 E - a +0 vampiric giant spiked club (weapon)
Missiles
 s - 33 poisoned needles
Armour
 M - a +2 robe of cold resistance (worn)
Jewellery
 l - an uncursed ring of loudness
 x - an uncursed amulet of guardian spirit
 G - an uncursed ring of ice
Wands
 d - a wand of polymorph (9)
 i - a wand of scattershot (4)
 q - a wand of acid (10)
 w - a wand of digging (13)
Scrolls
 j - 2 scrolls of fear
 k - a scroll of blinking
 m - 3 scrolls of remove curse
 o - 2 scrolls of amnesia
 p - 2 scrolls of teleportation
 u - 3 scrolls of identify
 v - a scroll of enchant armour
 C - a scroll of brand weapon
Potions
 c - a potion of invisibility
 g - 5 potions of curing
 h - 5 potions of brilliance
 n - a potion of cancellation
 r - a potion of resistance
 z - a potion of haste
 B - a potion of berserk rage
 I - 2 potions of might
 K - a potion of mutation
Comestibles
 f - 18 rations


   Skills:
 - Level 10.4 Fighting
 + Level 12.5 Maces & Flails
 - Level 3.6 Throwing
 - Level 1.7 Dodging
 - Level 1.2 Spellcasting
 - Level 6.5 Hexes
 - Level 2.4 Translocations
 - Level 3.2 Invocations


You had 6 spell levels left.
You knew the following spells:

 Your Spells              Type           Power        Failure   Level  Hunger
a - Corona                Hex            ###....      1%          1    ##.....
b - Slow                  Hex            ###.....     2%          2    ###....
c - Portal Projectile     Hex/Tloc       ###...       10%         3    ####...

Your spell library contained the following spells:

 Spells                   Type           Power        Failure   Level  Hunger
 Cause Fear               Hex            ###.......   14%         4    #####..
 Confuse                  Hex            ###.....     4%          3    ####...
 Confusing Touch          Hex            ###...       1%          1    ##.....
 Metabolic Englaciation   Hex/Ice        ##........   83%         5    ######.
 Petrify                  Tmut/Erth      #.......     91%         4    #####..
 Leda's Liquefaction      Hex/Erth       ##........   50%         4    #####..
 Inner Flame              Hex/Fire       ##......     17%         3    ####...
 Gell's Gravitas          Tloc           #.........   24%         3    ####...
 Yara's Violent Unravell  Hex/Tmut       ##........   83%         5    ######.


Dungeon Overview and Level Annotations

Branches:
Dungeon (11/15)            Temple (1/1) D:6            Lair (0/6) D:8
    Orc: D:9-12

Altars:
Ashenzari
Cheibriados
Dithmenos
Elyvilon
Fedhas
Gozag
Hepliaklqana
Kikubaaqudgha
Makhleb
Nemelex Xobeh
Okawaru
Qazlal
Ru
Sif Muna
Trog
Uskayaw
Vehumet
Wu Jian
Xom
Yredelemnul
Zin

Shops:
D:4 *   D:6 =

Annotations:
D:10 3 runed doors, ThisFiasco's ghost, novice DsBe
D:11 Grum


Innate Abilities, Weirdness & Mutations

You are too large for most types of armour.
You have tough skin. (AC +1)


Message History

* * * LOW HITPOINT WARNING * * *
The orc warrior hits you with a long sword!
* * * LOW HITPOINT WARNING * * *
Unknown command.
A red film seems to cover your vision as you go berserk!
You feel yourself moving faster!
You feel mighty! The orc priest barely misses you.
The orc warrior hits you with a long sword.
* * * LOW HITPOINT WARNING * * *
You puncture the orc priest!
You feel better.
You kill the orc priest!
Okawaru accepts your kill.
You bludgeon the orc warrior!!
You feel better.
The orc warrior is almost dead.
The orc warrior hits you with a long sword!
* * * LOW HITPOINT WARNING * * *
You completely miss the orc warrior.
The orc warrior is almost dead.
The orc warrior hits you with a long sword!
You die...

# #..... ### ##.#
####.## #.####.##
.....##.##...#
.........†..#### #
...............####
...................
...................
.......=...........
...........@.......
...........o)......
...................
#..................
##.................
##................
#...............
#..............


You could see an orc warrior.

Vanquished Creatures
  Fannar (D:10)
  Josephine (D:11)
  2 hydras
  A two-headed ogre (D:9)
  A troll (D:9)
  2 dream sheep (D:8)
  A hippogriff (D:7)
  4 wraiths
  6 yaks
  2 water moccasins
  A porcupine (D:8)
  3 ice beasts
  3 sky beasts
  2 black bears (D:6)
  5 ogres
  A centaur (D:6)
  A necrophage (D:11)
  2 wolves (D:11)
  4 crocodiles (D:8)
  Blork the orc (D:6)
  5 big kobolds
  4 bullfrogs
  6 scorpions
  8 wights
  5 howler monkeys
  4 crimson imps
  4 centaur zombies
  A quasit (D:8)
  5 jellies
  6 hounds
  4 orc wizards
  6 orc priests
  A centaur skeleton (D:5)
  A gnoll shaman (D:4)
  10 worker ants
  2 iguanas (D:8)
  A hound zombie (D:9)
  A hound skeleton (D:9)
  A howler monkey zombie (D:6)
  10 gnolls
  A howler monkey skeleton (D:11)
  9 adders
  A shadow imp (D:6)
  5 oozes
  An adder skeleton (D:4)
  3 worms
  2 dart slugs (D:2)
  5 leopard geckos
  13 orcs
  14 bats
  6 giant cockroaches
  13 goblins
  10 hobgoblins
  6 jackals
  9 quokkas
  2 ball pythons
  A frilled lizard (D:2)
  A jackal skeleton (D:7)
  25 kobolds
  8 rats
264 creatures vanquished.

Vanquished Creatures (others)
  2 fungi (D:2)
  7 plants
  12 toadstools (D:2)
21 creatures vanquished.

Grand Total: 285 creatures vanquished

Notes
Turn   | Place    | Note
-------+----------+-------------------------------------------
     0 | D:1      | inc the Ogre Arcane Marksman began the quest for the Orb.
     0 | D:1      | Reached XP level 1. HP: 19/19 MP: 2/2
   364 | D:1      | Reached XP level 2. HP: 26/29 MP: 3/3
   704 | D:1      | Reached skill level 1 in Maces & Flails
  1215 | D:1      | Reached XP level 3. HP: 29/37 MP: 4/4
  2478 | D:2      | Reached XP level 4. HP: 44/48 MP: 2/5
  2583 | D:2      | Reached skill level 2 in Maces & Flails
  3076 | D:2      | Learned a level 2 spell: Slow
  3407 | D:2      | Reached XP level 5. HP: 20/55 MP: 0/6
  3575 | D:3      | Found a burning altar of Makhleb.
  3592 | D:3      | Found a glowing silver altar of Zin.
  3593 | D:3      | Noticed an angel
  3983 | D:3      | Reached skill level 5 in Fighting
  4043 | D:3      | Reached skill level 3 in Maces & Flails
  4044 | D:3      | Found a shimmering altar of Xom.
  4878 | D:3      | Reached XP level 6. HP: 18/66 MP: 7/7
  5170 | D:3      | Noticed a sky beast
  5199 | D:3      | Killed a sky beast
  5214 | D:3      | Learned a level 3 spell: Portal Projectile
  5363 | D:4      | Found a hazy altar of Hepliaklqana.
  5564 | D:4      | Noticed a sky beast
  5609 | D:4      | Killed a sky beast
  5609 | D:4      | Reached skill level 1 in Translocations
  5609 | D:4      | Reached XP level 7. HP: 59/72 MP: 8/8
  6109 | D:4      | Found Mukkyudism's Elemental Accessories.
  6386 | D:5      | Entered Level 5 of the Dungeon
  6916 | D:5      | Reached XP level 8. HP: 77/87 MP: 6/9
  8124 | D:6      | Reached skill level 5 in Hexes
  8337 | D:6      | Found a staircase to the Ecumenical Temple.
  8388 | Temple   | Entered the Ecumenical Temple
  8454 | Temple   | Became a worshipper of Warmaster Okawaru
  8754 | D:6      | Found Olea's Jewellery Shop.
  9482 | D:6      | Reached * piety under Okawaru
  9566 | D:6      | Reached skill level 4 in Maces & Flails
  9567 | D:6      | Reached XP level 9. HP: 92/96 MP: 4/10
  9790 | D:6      | Noticed Blork the orc
  9997 | D:6      | Killed Blork the orc
 10160 | D:6      | Found a white marble altar of Elyvilon.
 10163 | D:6      | Found a snail-covered altar of Cheibriados.
 10165 | D:6      | Found an ornate altar of the Wu Jian Council.
 10166 | D:6      | Found an ancient bone altar of Kikubaaqudgha.
 10167 | D:6      | Found a stormy altar of Qazlal.
 10527 | D:7      | Reached skill level 1 in Invocations
 10930 | D:7      | Reached skill level 5 in Maces & Flails
 11018 | D:7      | HP: 2/98 [hippogriff (3)]
 11991 | D:8      | Reached skill level 10 in Fighting
 12012 | D:8      | Reached ** piety under Okawaru
 12035 | D:8      | Reached skill level 6 in Maces & Flails
 12846 | D:7      | Reached XP level 10. HP: 104/111 MP: 7/12
 12915 | D:8      | Reached skill level 7 in Maces & Flails
 12971 | D:8      | Found a staircase to the Lair.
 13724 | D:8      | Reached skill level 8 in Maces & Flails
 14161 | D:9      | Noticed a two-headed ogre
 14523 | D:9      | Killed a two-headed ogre
 14523 | D:9      | Reached skill level 9 in Maces & Flails
 15756 | D:9      | Reached skill level 10 in Maces & Flails
 15763 | D:9      | Noticed a six-headed hydra
 16020 | D:8      | Noticed a three-headed hydra
 16284 | D:8      | Killed a three-headed hydra
 16284 | D:8      | Reached XP level 11. HP: 119/119 MP: 4/13
 16285 | D:8      | Reached *** piety under Okawaru
 16285 | D:8      | Reached skill level 11 in Maces & Flails
 16951 | D:9      | Found a radiant altar of Vehumet.
 16986 | D:9      | Killed a six-headed hydra
 17255 | D:10     | Entered Level 10 of the Dungeon
 17403 | D:10     | Noticed a cyan ugly thing
 17438 | D:10     | Found a runed gate.
 17439 | D:10     | Found a runed gate.
 17445 | D:10     | Noticed ThisFiasco's ghost (novice DsBe)
 17445 | D:10     | Noticed a ten-headed hydra
 17446 | D:10     | Found a runed gate.
 17487 | D:10     | Noticed Fannar
 17503 | D:10     | Killed Fannar
 17503 | D:10     | Reached **** piety under Okawaru
 18063 | D:11     | Noticed Josephine
 18069 | D:11     | Killed Josephine
 18069 | D:11     | Reached skill level 12 in Maces & Flails
 18261 | D:11     | Noticed Grum
 18281 | D:11     | Noticed a tengu warrior
 18832 | D:10     | Slain by an orc warrior

Vault maps used:
D:1:      dpeg_arrival_rhombus, hangedman_abyss_or_decor_lesser_grid,
          st_stairs_1
D:2:      cheibrodos_fertilizer
D:3:      grunt_temple_overflow_order_and_chaos_1, lemuel_round_altar,
          corexii_shack, kennysheep_boxes
D:4:      kennysheep_mini, serial_glass, glass_columns_a, glass_columns_a,
          first_ration, nicolae_elemental_shop
D:6:      minitemple, nicolae_overflow_hidden_temple, temple_doors_e,
          serial_shops, shop, uniq_blork_the_orc
D:8:      minmay_lair_entry_grove, hangedman_ranch
D:9:      lemuel_coloured_pillars_altar, grunt_decor_cap, hex_medium
D:10:     gammafunk_ghost_hydra_chop, stair_cage_line, glass_columns_a,
          uniq_fannar
D:11:     nicolae_lava_and_water, serial_bayou_ford_a, uniq_josephine, uniq_grum
Temple:   jpeg_temple_clearing

Skill      XL: |  1  2  3  4  5  6  7  8  9 10 11 |
---------------+----------------------------------+-----
Fighting       | 2 3 4 5 7 8 10 | 10.4
Maces & Flails | 1 2 3 4 6 10 12 | 12.5
Throwing       | 3 |  3.6
Hexes          | 3 6 |  6.5
Translocations | 1 2 |  2.4
Invocations    | 3 |  3.2
Dodging        | |  1.7
Spellcasting   | |  1.2

Action                   |  1- 3 |  4- 6 |  7- 9 | 10-12 || total
-------------------------+-------+-------+-------+-------++-------
Melee: Unarmed           |    22 |       |       |       ||    22
       Club              |   202 |       |       |       ||   202
       Flail             |     5 |   167 |    51 |       ||   223
       Giant spiked club |       |       |   221 |    86 ||   307
       Giant club        |       |       |       |   254 ||   254
 Fire: Blowgun           |       |    21 |    14 |     5 ||    40
Throw: Large rock        |     3 |     7 |    35 |    34 ||    79
       Throwing net      |       |       |     2 |     3 ||     5
 Cast: Corona            |    14 |    21 |    29 |     1 ||    65
       Slow              |       |    12 |    30 |     1 ||    43
       Portal Projectile |       |       |     4 |     5 ||     9
Invok: Heroism           |       |       |     4 |    21 ||    25
  Use: Scroll            |       |     7 |     9 |     9 ||    25
       Potion            |       |       |     4 |     3 ||     7
 Stab: Sleeping          |       |     1 |       |       ||     1
       Held in net/web   |       |       |     2 |       ||     2
  Eat: Chunk             |     6 |     9 |    18 |     9 ||    42
       Ration            |       |     1 |     2 |     5 ||     8
Armor: Robe              |   115 |    38 |    87 |   115 ||   355
Dodge: Dodged            |   195 |    96 |   232 |   190 ||   713

Table legend:
 A = Spawn XP
 B = Non-spawn XP
 C = Spawn XP percentage of total XP
 D = Spawn monster count
 E = Non-spawn monster count
 F = Spawn count percentage of total count
 G = Total turns spent on level
                    A         B        C        D         E        F      G
               +---------+---------+-------+---------+---------+-------+---------
         Total |       0 |   15478 |   0.0 |       0 |     264 |   0.0 | 18832
               +---------+---------+-------+---------+---------+-------+---------
           D:1 |       0 |      58 |   0.0 |       0 |      33 |   0.0 |  1800
           D:2 |       0 |     142 |   0.0 |       0 |      33 |   0.0 |  1963
           D:3 |       0 |     292 |   0.0 |       0 |      29 |   0.0 |  1548
           D:4 |       0 |     480 |   0.0 |       0 |      12 |   0.0 |  1075
           D:5 |       0 |     422 |   0.0 |       0 |       9 |   0.0 |  2176
           D:6 |       0 |    1344 |   0.0 |       0 |      28 |   0.0 |  1831
           D:7 |       0 |    1231 |   0.0 |       0 |      18 |   0.0 |  2023
           D:8 |       0 |    4340 |   0.0 |       0 |      41 |   0.0 |  2387
           D:9 |       0 |    3383 |   0.0 |       0 |      27 |   0.0 |  2148
          D:10 |       0 |    1669 |   0.0 |       0 |      19 |   0.0 |   944
          D:11 |       0 |    2085 |   0.0 |       0 |      14 |   0.0 |   618
        Temple |       0 |      32 |   0.0 |       0 |       1 |   0.0 |   319
               +---------+---------+-------+---------+---------+-------+---------
